 Dungeon Crawl Stone Soup version 0.20.1-1-g8b1a95d (webtiles) character file.

13052 Gremour the Impaler (level 12, -6/96 HPs)
             Began as a Merfolk Fighter on Nov 1, 2017.
             Was the Champion of Okawaru.
             Mangled by a two-headed ogre
             ... wielding a +0 giant club
              (24 damage)
             ... on level 1 of the Orcish Mines on Nov 3, 2017.
             The game lasted 01:21:14 (12329 turns).

Gremour the Impaler (Merfolk Fighter)              Turns: 12329, Time: 01:21:16

Health: -6/96      AC: 10    Str: 16    XL:     12   Next: 2%
Magic:  15/15      EV: 15    Int: 10    God:    Okawaru [******]
Gold:   583        SH: 11    Dex: 20    Spells: 7/11 levels left

rFire    . . .     SeeInvis .   r - +11 flail of Equivalence {freeze, Dex+2}
rCold    + . .     Gourm    .   c - +0 shield
rNeg     . . .     Faith    .   U - +0 acid dragon scales
rPois    +         Spirit   .   (helmet restricted)
rElec    .         Reflect  .   (no cloak)
rCorr    +         Harm     .   N - +1 pair of gloves
MR       .....                  u - +0 pair of boots
Stlth    ++........             G - amulet of rage
Regen    0.3/turn               q - ring of poison resistance
MPRegen  0.2/turn               D - ring of protection from cold

@: no status effects
A: change form in water, swift swim, stealthy swim, antennae 1, claws 1, clever
1
a: Heroism, Finesse, Renounce Religion, Evoke Berserk Rage


You were on level 1 of the Orcish Mines.
You worshipped Okawaru.
Okawaru was exalted by your worship.
You were hungry.

You visited 3 branches of the dungeon, and saw 15 of its levels.

You collected 583 gold pieces.

Inventory:

Hand Weapons
 a - a +0 trident
 r - the +11 flail of Equivalence (weapon) {freeze, Dex+2}
   (You found it on level 9 of the Dungeon)

   It has been specially enchanted to freeze those struck by it, causing extra
   injury to most foes and up to half again as much damage against particularly
   susceptible opponents.
   It can also slow down cold-blooded creatures.
   It affects your dexterity (+2).
 O - a +3 halberd
Missiles
 C - 144 stones
 F - 4 tomahawks of returning (quivered)
Armour
 c - a +0 shield (worn)
 o - a +1 helmet
 u - a +0 pair of boots (worn)
 K - a +3 plate armour
 N - a +1 pair of gloves (worn)
 U - +0 acid dragon scales (worn)
Magical Staves
 y - an uncursed staff of summoning
Jewellery
 q - a ring of poison resistance (left hand)
 x - an uncursed amulet of magic regeneration
 D - a ring of protection from cold (right hand)
 G - an amulet of rage (around neck)
 M - an uncursed ring of protection from cold
Wands
 h - a wand of paralysis (13/24)
 l - a wand of digging (7/24)
 t - a wand of digging (5/24)
 B - a wand of scattershot (9/9)
 H - a wand of acid (11/15)
 J - a wand of flame (25/48)
 P - a wand of clouds (7/9)
 R - a wand of acid (7/15)
Scrolls
 b - a scroll of magic mapping
 d - 2 scrolls of enchant weapon
 g - 2 scrolls of recharging
 i - 3 scrolls of identify
 k - a scroll of amnesia
 n - 2 scrolls of immolation
 s - a scroll of remove curse
 V - a scroll of teleportation
Potions
 p - 3 potions of curing
 z - 3 potions of lignification
 L - 2 potions of cancellation
 Q - 2 potions of brilliance
 S - a potion of berserk rage
 T - a potion of heal wounds
 W - a potion of agility {unknown}
Books
 v - a book of Air

   Spells                             Type                      Level
   a - Shock                          Conjuration/Air              1
   b - Swiftness                      Charms/Air                   2
   c - Static Discharge               Conjuration/Air              3
   d - Airstrike                      Air                          4
   e - Lightning Bolt                 Conjuration/Air              5
 w - a book of Cantrips

   Spells                             Type                      Level
   a - Confusing Touch                Hexes                        1
   b - Animate Skeleton               Necromancy                   1
   c - Summon Small Mammal            Summoning                    1
   d - Apportation                    Translocation                1
 A - a book of Geomancy

   Spells                             Type                      Level
   a - Sandblast                      Earth                        1
   b - Passwall                       Transmutation/Earth          2
   c - Stone Arrow                    Conjuration/Earth            3
   d - Petrify                        Transmutation/Earth          4
   e - Lee's Rapid Deconstruction     Earth                        5
 E - a Young Poisoner's Handbook

   Spells                             Type                      Level
   a - Sting                          Conjuration/Poison           1
   b - Poisonous Vapours              Poison/Air                   2
   c - Mephitic Cloud                 Conjuration/Poison/Air       3
   d - Olgreb's Toxic Radiance        Poison                       4
   e - Venom Bolt                     Conjuration/Poison           5
 I - a book of Flames

   Spells                             Type                      Level
   a - Flame Tongue                   Conjuration/Fire             1
   b - Throw Flame                    Conjuration/Fire             2
   c - Conjure Flame                  Conjuration/Fire             3
   d - Inner Flame                    Hexes/Fire                   3
   e - Sticky Flame                   Conjuration/Fire             4
   f - Fireball                       Conjuration/Fire             5
Comestibles
 e - 23 fruits
 f - 4 bread rations
 j - 3 meat rations
 m - 5 royal jellies


   Skills:
 + Level 9.6 Fighting
 * Level 5.0 Maces & Flails
 - Level 15.6 Polearms
 + Level 5.1 Armour
 + Level 6.6 Dodging
 - Level 1.6 Stealth
 + Level 6.5 Shields
 + Level 0.1 Spellcasting
 + Level 0.2 Conjurations
 - Level 0.2 Air Magic
 + Level 0.4 Poison Magic
 + Level 4.2 Invocations
 + Level 1.4 Evocations


You had 7 spell levels left.
You knew the following spells:

 Your Spells              Type           Power        Failure   Level  Hunger
a - Mephitic Cloud        Conj/Pois/Air  #.......     98%         3    ####...
b - Summon Small Mammal   Summ           #...         83%         1    ##.....


Dungeon Overview and Level Annotations

Branches:
Dungeon (13/15)            Temple (1/1) D:4            Lair (0/6) D:8
    Orc (1/2) D:10
 Vaults: D:13-14

Altars:
Ashenzari
Cheibriados
Dithmenos
Elyvilon
Fedhas
Gozag
Hepliaklqana
Kikubaaqudgha
Makhleb
Nemelex Xobeh
Okawaru
Qazlal
Ru
Sif Muna
Trog
Uskayaw
Vehumet
Xom
Yredelemnul
Zin
The Shining One

Shops:
D:6 *

Portals:
Trove: D:11 (give +4 storm dragon scales)


Innate Abilities, Weirdness & Mutations

You revert to your normal form in water.
You are very nimble and swift while swimming.
You are very stealthy in the water. (Stealth+)
You have a pair of small antennae on your head.
You have sharp fingernails.
Your mind is acute. (Int +2)


Message History

The orc priest calls down the wrath of Beogh upon you.
Beogh smites you!
You sock the two-headed ogre! You freeze the two-headed ogre!
The two-headed ogre is heavily wounded.
The orc priest hits you but does no damage.
The two-headed ogre misses you. You block the two-headed ogre's attack.
You sock the two-headed ogre! You freeze the two-headed ogre.
The two-headed ogre is almost dead.
The orc priest closely misses you.
The two-headed ogre hits you with a giant club!!
* * * LOW HITPOINT WARNING * * *
The two-headed ogre completely misses you.
You barely miss the two-headed ogre.
The two-headed ogre is almost dead.
The orc priest mumbles some strange prayers to Beogh against you.
Beogh smites you!
* * * LOW HITPOINT WARNING * * *
The two-headed ogre completely misses you.
The two-headed ogre hits you with a giant spiked club!!
You die...

..... ......$.>..
$...###..........
.................
................
#..............
##........>.....
##..)#O..........
#....@.o.......$.
##..<#.......##..
######.#..###
######


You could see a two-headed ogre and an orc priest.

Vanquished Creatures
  A centaur warrior (D:12)
  2 two-headed ogres (D:9)
  Pikel (D:8)
  2 centaur zombies
  A gargoyle (D:11)
  Joseph (D:8)
  3 trolls
  A hornet (D:12)
  A hippogriff (D:10)
  11 yaks
  2 wraiths
  A wyvern (D:9)
  Grum (D:8)
  3 vampire mosquitoes (D:12)
  2 hungry ghosts
  2 acid dragons
  Duvessa (D:6)
  3 water moccasins
  A black bear (D:8)
  2 eyes of draining
  4 orc warriors
  2 sky beasts
  7 ogres
  A phantom (D:7)
  2 necrophages
  3 centaurs
  4 wolves (D:8)
  2 crocodiles
  6 bullfrogs
  2 big kobolds
  Dowan (D:6)
  3 scorpions
  8 wights
  3 howler monkeys
  6 crimson imps
  3 bullfrog zombies
  2 quasits
  14 orc wizards
  9 orc priests
  4 bullfrog skeletons
  3 jellies
  A centaur skeleton (D:7)
  Jessica (D:3)
  2 iguanas
  10 worker ants
  A killer bee zombie (D:6)
  A worker ant zombie (D:8)
  6 gnolls
  A howler monkey skeleton (D:7)
  9 adders
  2 shadow imps
  An adder skeleton (D:8)
  A worm (D:6)
  5 dart slugs
  5 leopard geckos
  58 orcs
  9 bats
  5 giant cockroaches
  4 hobgoblins
  11 kobolds
  2 quokkas
  A ball python (D:6)
  4 frilled lizards
  6 goblins
  A jackal zombie (D:5)
  A leopard gecko skeleton (D:6)
  8 rats
287 creatures vanquished.

Vanquished Creatures (others)
  5 dream sheep (D:5)
  An orc (D:8)
6 creatures vanquished.

Grand Total: 293 creatures vanquished

Notes
Turn   | Place    | Note
-------+----------+-------------------------------------------
     0 | D:1      | Gremour the Merfolk Fighter began the quest for the Orb.
     0 | D:1      | Reached XP level 1. HP: 18/18 MP: 1/1
   217 | D:1      | Reached skill level 4 in Polearms
   217 | D:1      | Reached XP level 2. HP: 24/24 MP: 2/2
   739 | D:1      | Reached skill level 5 in Polearms
   739 | D:1      | Reached XP level 3. HP: 22/29 MP: 3/3
  1256 | D:2      | Reached skill level 6 in Polearms
  1388 | D:2      | Reached XP level 4. HP: 35/35 MP: 4/4
  1827 | D:3      | Noticed an ogre
  1837 | D:3      | Killed an ogre
  1837 | D:3      | Reached skill level 8 in Polearms
  1837 | D:3      | Reached XP level 5. HP: 15/41 MP: 5/5
  2027 | D:3      | Noticed Jessica
  2032 | D:3      | Killed Jessica
  2083 | D:3      | Reached XP level 6. HP: 39/47 MP: 6/6
  2438 | D:4      | Reached skill level 9 in Polearms
  2910 | D:4      | Reached skill level 10 in Polearms
  2910 | D:4      | Reached XP level 7. HP: 52/52 MP: 7/7
  3141 | D:4      | Reached skill level 11 in Polearms
  3639 | D:4      | Found a staircase to the Ecumenical Temple.
  3648 | Temple   | Entered the Ecumenical Temple
  3861 | Temple   | Became a worshipper of Warmaster Okawaru
  3996 | D:5      | Entered Level 5 of the Dungeon
  4387 | D:5      | Reached skill level 12 in Polearms
  4440 | D:5      | Noticed a dream sheep
  4440 | D:5      | Noticed a dream sheep
  4440 | D:5      | Noticed a dream sheep
  4440 | D:5      | Noticed a dream sheep
  4440 | D:5      | Noticed a dream sheep
  4440 | D:5      | Found a shimmering altar of Xom.
  4444 | D:5      | Killed a dream sheep
  4444 | D:5      | Killed a dream sheep
  4446 | D:5      | Killed a dream sheep
  4447 | D:5      | Killed a dream sheep
  4447 | D:5      | Killed a dream sheep
  4524 | D:5      | Reached XP level 8. HP: 29/58 MP: 8/8
  4809 | D:5      | Reached skill level 13 in Polearms
  5587 | D:6      | Reached * piety under Okawaru
  5587 | D:6      | Reached skill level 14 in Polearms
  5776 | D:6      | Found Weamonis's General Store.
  5850 | D:6      | Noticed Dowan
  5851 | D:6      | Noticed Duvessa
  5863 | D:6      | Killed Dowan
  5874 | D:6      | Killed Duvessa
  5874 | D:6      | Reached skill level 15 in Polearms
  5874 | D:6      | Reached XP level 9. HP: 51/64 MP: 9/9
  6314 | D:6      | Reached skill level 1 in Dodging
  7122 | D:7      | Reached ** piety under Okawaru
  7183 | D:7      | You fall through a shaft for 3 floors!
  7183 | D:10     | Entered Level 10 of the Dungeon
  7214 | D:10     | Reached skill level 1 in Invocations
  7510 | D:10     | Reached skill level 5 in Fighting
  7510 | D:10     | Reached skill level 1 in Stealth
  7593 | D:9      | Noticed a two-headed ogre
  7608 | D:9      | Killed a two-headed ogre
  7608 | D:9      | Reached *** piety under Okawaru
  7608 | D:9      | Reached XP level 10. HP: 76/76 MP: 8/11
  7746 | D:7      | Reached **** piety under Okawaru
  7750 | D:7      | Gained mutation: Your mind is acute. (Int +2) [mutagenic meat]
  7751 | D:7      | Gained mutation: You are clumsy. (Dex -2) [mutagenic meat]
  7752 | D:7      | Gained mutation: You expend magic power (3 MP) to strengthen your wands. [mutagenic meat]
  7753 | D:7      | Gained mutation: Scrolls take you a little longer to read. [mutagenic meat]
  7780 | D:7      | Lost mutation: You are clumsy. (Dex -2) [potion of mutation]
  7780 | D:7      | Lost mutation: Scrolls take you a little longer to read. [potion of mutation]
  7780 | D:7      | Lost mutation: You expend magic power (3 MP) to strengthen your wands. [potion of mutation]
  7780 | D:7      | Lost mutation: Your mind is acute. (Int +2) [potion of mutation]
  7780 | D:7      | Gained mutation: You tend to lose your temper in combat. [potion of mutation]
  7780 | D:7      | Gained mutation: You have a pair of small antennae on your head. [potion of mutation]
  7780 | D:7      | Lost mutation: You tend to lose your temper in combat. [potion of mutation]
  7780 | D:7      | Gained mutation: Your mind is acute. (Int +2) [potion of mutation]
  7982 | D:7      | Learned a level 3 spell: Mephitic Cloud
  8329 | D:7      | Found a stormy altar of Qazlal.
  8557 | D:8      | Reached skill level 5 in Dodging
  8682 | D:8      | Found a staircase to the Lair.
  8747 | D:8      | Noticed Grum
  8774 | D:8      | Killed Grum
  8774 | D:8      | Reached skill level 5 in Shields
  9213 | D:8      | Noticed Joseph
  9251 | D:8      | Killed Joseph
  9251 | D:8      | Reached ***** piety under Okawaru
  9360 | D:8      | Learned a level 1 spell: Summon Small Mammal
  9507 | D:8      | Noticed Pikel
  9522 | D:8      | Killed Pikel
  9522 | D:8      | Reached XP level 11. HP: 65/87 MP: 10/13
  9711 | D:8      | Found a white marble altar of Elyvilon.
  9713 | D:8      | Found a hazy altar of Hepliaklqana.
  9782 | D:9      | Got a dazzling flail
  9783 | D:9      | Identified the +11 flail of Equivalence {freeze, Dex+2} (You found it on level 9 of the Dungeon)
  9969 | D:9      | Reached skill level 1 in Evocations
  9991 | D:9      | Noticed a two-headed ogre
  9998 | D:9      | Killed a two-headed ogre
 10405 | D:10     | Found a staircase to the Orcish Mines.
 10619 | D:11     | Reached skill level 1 in Maces & Flails
 10931 | D:11     | Found a portal to a secret trove of treasure.
 11215 | D:11     | Reached skill level 5 in Armour
 11226 | D:11     | Received a gift from Okawaru
 11636 | D:12     | Noticed a centaur warrior
 11645 | D:12     | Killed a centaur warrior
 11645 | D:12     | Reached ****** piety under Okawaru
 12073 | D:12     | Gained mutation: You have sharp fingernails. [mutagenic meat]
 12225 | D:13     | Reached XP level 12. HP: 73/96 MP: 15/15
 12230 | D:13     | Noticed a two-headed ogre
 12231 | D:13     | Noticed a two-headed ogre
 12239 | D:13     | Noticed a stone giant
 12301 | Orc:1    | Entered Level 1 of the Orcish Mines
 12319 | Orc:1    | Noticed a two-headed ogre
 12319 | Orc:1    | Reached skill level 5 in Maces & Flails
 12329 | Orc:1    | Mangled by a two-headed ogre

Skill      XL: |  1  2  3  4  5  6  7  8  9 10 11 12 |
---------------+-------------------------------------+-----
Polearms       | 4 5 6 8 10 12 15 | 15.6
Dodging        | 4 5 6 |  6.6
Fighting       | 6 8 9 |  9.6
Invocations    | 2 3 4 |  4.2
Armour         | 3 4 5 |  5.1
Stealth        | 1 |  1.6
Shields        | 4 5 6 |  6.5
Evocations     | 1 |  1.4
Maces & Flails | 4 5 |  5.0
Spellcasting   | |  0.1
Conjurations   | |  0.2
Air Magic      | |  0.2
Poison Magic   | |  0.4

Action                   |  1- 3 |  4- 6 |  7- 9 | 10-12 || total
-------------------------+-------+-------+-------+-------++-------
Melee: Trident           |    77 |   130 |   491 |   364 ||  1062
       Flail             |       |       |       |   225 ||   225
       Halberd           |       |       |       |     5 ||     5
Throw: Tomahawk          |       |       |     4 |     1 ||     5
Invok: Heroism           |       |       |     2 |     2 ||     4
 Abil: Evoke Berserk Rag |       |       |     1 |     3 ||     4
Evoke: Wand              |       |       |     1 |       ||     1
  Use: Potion            |       |     5 |     4 |     9 ||    18
       Scroll            |       |       |    12 |    11 ||    23
 Stab: Fleeing           |       |       |     2 |       ||     2
  Eat: Chunk             |     2 |     2 |    12 |    22 ||    38
       Meat ration       |       |     1 |       |       ||     1
       Fruit             |       |       |       |     4 ||     4
Armor: Scale mail        |    23 |    32 |   125 |    20 ||   200
       Plate armour      |       |       |       |   255 ||   255
       Acid dragon scale |       |       |       |     2 ||     2
Dodge: Dodged            |    21 |    21 |    61 |   120 ||   223
Block: Shield            |    35 |    46 |   128 |   253 ||   462
